 Dungeon Crawl Stone Soup version 0.27-a0-103-g6cd7b45605 (webtiles) character file.

Game seed: 11496780109863544133

385916 knot the Executioner (level 22, 167/169 HPs)
             Began as a Demonspawn Berserker on Jan 24, 2021.
             Was a High Priest of Trog.
             Quit the game on level 3 of the Abyss.
             The game lasted 02:30:15 (54970 turns).

knot the Executioner (Demonspawn Berserker)        Turns: 54970, Time: 02:30:16

Health: 167/169    AC: 43    Str: 19    XL:     22   Next: 0%
Magic:  22/22      EV: 23    Int: 20    God:    Trog [*****.]
Gold:   4378       SH:  0    Dex: 16    Spells: 21/21 levels left

rFire    . . .     SeeInvis .   L - +7 battleaxe (flame)
rCold    + . .     Faith    +   (shield currently unavailable)
rNeg     . . .     Spirit   +   z - +8 orange crystal plate armour {Archmagi, Int+3 Clar}
rPois    +         Reflect  .   Z - +2 helmet
rElec    .         Harm     .   M - +2 cloak
rCorr    .         Rampage  .   W - +0 pair of fencer's gloves {Riposte Dex+3}
Will     +....     Clarity  +   n - +2 pair of boots
Stlth    ..........             u - amulet of faith
HPRegen  7.38/turn              T - +4 ring of evasion
MPRegen  0.36/turn              y - +4 ring of evasion

@: mildly poisoned (167 -> 167), studying Throwing
A: claws 2, fangs 1, cold resistance 1, poison resistance, powered by death 3,
screaming 2, magic shield, magic regeneration, magic link, sturdy frame 3
}: 2/15 runes: decaying, serpentine
a: Renounce Religion, Berserk, Trog's Hand, Brothers in Arms


You were on level 3 of the Abyss.
You worshipped Trog.
Trog was extremely pleased with you.
You visited 7 branches of the dungeon, and saw 36 of its levels.
You visited the Abyss 2 times.

You collected 5216 gold pieces.
You spent 838 gold pieces at shops.

Inventory:

Hand Weapons
 x - a +6 battleaxe of freezing
 L - a +7 battleaxe of flaming (weapon)
 V - a +5 executioner's axe of flaming
Missiles
 d - 13 boomerangs
 e - 5 javelins (quivered)
 r - 3 throwing nets
 K - 3 boomerangs of dispersal
 N - 124 poisoned darts
 Q - 8 curare-tipped darts
Armour
 n - a +2 pair of boots (worn)
 z - the +8 orange crystal plate armour (worn) {Archmagi, Int+3 Clar}
   (You acquired it on level 2 of the Orcish Mines)

   It affects your intelligence (+3).
   It protects you against confusion.
 M - a +2 cloak (worn)
 W - the +0 pair of fencer's gloves (worn) {Riposte Dex+3}
   (You found it on level 15 of the Dungeon)

   It affects your dexterity (+3).
 Z - a +2 helmet (worn)
Jewellery
 u - an amulet of faith (around neck)
 y - a +4 ring of evasion (right hand)
 A - an uncursed amulet of the acrobat
 F - an uncursed amulet of reflection
 I - an uncursed ring of resist corrosion
 J - an uncursed ring of flight
 S - an uncursed ring of poison resistance
 T - a +4 ring of evasion (left hand)
 X - an uncursed ring of protection from cold
Wands
 p - a wand of digging (3)
 O - a wand of paralysis (28)
 P - a wand of acid (29)
 Y - a wand of disintegration (33)
Scrolls
 c - 12 scrolls of magic mapping
 h - 3 scrolls of fog
 i - 12 scrolls of teleportation
 j - 11 scrolls of identify
 m - 16 scrolls of remove curse
 t - 4 scrolls of fear
 D - a scroll of enchant weapon
 R - a scroll of blinking
 U - 2 scrolls of enchant armour
Potions
 a - 4 potions of might
 b - 5 potions of attraction
 f - 13 potions of heal wounds
 g - 5 potions of cancellation
 o - 4 potions of magic
 q - 5 potions of flight
 s - 5 potions of berserk rage
 B - 16 potions of curing
 C - 4 potions of ambrosia
 E - 4 potions of mutation
 G - a potion of haste
Books
 v - a manual of Throwing
Miscellaneous
 k - a phantom mirror
 l - a tin of tremorstones (2/2)
 w - a phial of floods
 H - a condenser vane


   Skills:
 + Level 13.0 Fighting
 * Level 23.3 Axes
 * Level 19.6 Throwing
 * Level 13.9 Armour
 * Level 13.9 Dodging


You had 21 spell levels left.
You didn't know any spells.
Your spell library contained the following spells:

 Spells                   Type           Power        Failure   Level
 Corona                   Hex            0%           89%         1
 Foxfire                  Conj/Fire      0%           89%         1
 Magic Dart               Conj           0%           89%         1
 Poisonous Vapours        Pois/Air       0%           96%         2
 Searing Ray              Conj           0%           96%         2
 Slow                     Hex            0%           96%         2
 Sublimation of Blood     Necr           0%           96%         2
 Confusing Touch          Hex            0%           99%         3
 Conjure Flame            Conj/Fire      0%           99%         3
 Dazzling Flash           Conj/Hex       0%           99%         3
 Gell's Gravitas          Tloc           0%           99%         3
 Ignite Poison            Fire/Tmut/Pois 0%           99%         3
 Inner Flame              Hex/Fire       0%           99%         3
 Mephitic Cloud           Conj/Pois/Air  0%           99%         3
 Portal Projectile        Hex/Tloc       0%           99%         3
 Cause Fear               Hex            0%           100%        4
 Fulminant Prism          Conj/Hex       0%           100%        4
 Hailstorm                Conj/Ice       0%           100%        4
 Ice Form                 Ice/Tmut       0%           100%        4
 Iskenderun's Mystic Bla  Conj/Tloc      0%           100%        4
 Leda's Liquefaction      Hex/Erth       0%           100%        4
 Petrify                  Tmut/Erth      0%           100%        4
 Sticky Flame             Conj/Fire      0%           100%        4
 Alistair's Intoxication  Tmut/Pois      0%           100%        5
 Blade Hands              Tmut           0%           100%        5
 Fireball                 Conj/Fire      0%           100%        5
 Irradiate                Conj/Tmut      0%           100%        5
 Metabolic Englaciation   Hex/Ice        0%           100%        5
 Summon Demon             Summ           0%           100%        5
 Summon Forest            Summ/Tloc      0%           100%        5
 Summon Mana Viper        Hex/Summ       0%           100%        5
 Yara's Violent Unravell  Hex/Tmut       0%           100%        5
 Eringya's Noxious Bog    Tmut/Pois      0%           100%        6
 Freezing Cloud           Conj/Ice/Air   0%           100%        6
 Ozocubu's Refrigeration  Ice            0%           100%        6
 Shadow Creatures         Summ           N/A          100%        6
 Simulacrum               Ice/Necr       0%           100%        6
 Summon Hydra             Summ           0%           100%        7


Dungeon Overview and Level Annotations

Branches:
Dungeon (15/15)            Temple (0/1) D:4            Lair (6/6) D:9
  Swamp (4/4) Lair:2        Snake (4/4) Lair:2        Slime (0/5) Lair:5
    Orc (2/2) D:11            Elf (0/3) Orc:2        Vaults (2/5) D:13
  Crypt (0/3) Vaults:2     Depths (3/5) D:15

Altars:
Ashenzari
Dithmenos
Fedhas
Gozag
Kikubaaqudgha
Makhleb
Trog
Xom
Yredelemnul
Beogh
Lugonu

Shops:
D:4 :   D:10 *   Orc:2 }???   Snake:1 (   Snake:2 =

Portals:
Hell: Depths:1 Depths:2 Depths:3
Abyss: Depths:2
Pandemonium: Depths:1 Depths:3
Trove: Vaults:2 (lose all piety)


Innate Abilities, Weirdness & Mutations

You have very sharp fingernails.
Your flesh is cold resistant. (rC+)
You regenerate a lot of health from kills.
When hurt, damage is shared between your health and your magic reserves.
You regenerate magic rapidly.
When low on magic, you restore magic in place of health.
Your movements are significantly less encumbered by armour. (ER -6)
You have very sharp teeth.
Your system is resistant to poisons. (rPois)
You sometimes yell uncontrollably at your foes.


Message History

You see here a very ugly thing corpse.
You hit the raiju. You burn the raiju.
The raiju is lightly wounded.
You feel sick.
A ynoxinul comes into view.
The raiju bites you but does no damage.
You slash the raiju! You burn the raiju.
The raiju is heavily wounded.
You feel sick.
You closely miss the raiju.
The raiju is heavily wounded.
You feel sick. The raiju closely misses you.
You slice the raiju!! You burn the raiju!
You kill the raiju!
Trog accepts your kill.
You feel sick.
You have reached level 22!
Your demonic ancestry asserts itself...
You feel resistant to cold.
Are you sure you want to abandon this character and quit the game? (Confirm with "yes".)

∩#.. . .. ...#. ..
. ..#..## .#.....
# . #.#..... .#.
.# #.# #..#.
######.§.... #
....[##.#.3... . #
#..##...# # ##.
#...@...# .. ## .
.[.†.†.)∩..h..# .
.
).)))............
##...
..#..†#...#...#..
#
##.###†###.###†##
† # ..#.. #...#
..#
...#...#...#...#..
# .###†# #.###†##
.# # . .


You could see a raiju and a ynoxinul.

Vanquished Creatures
  Saint Roka (Snake:2)
  Margery (Vaults:2)
  A caustic shrike (Depths:3)
  Asterion (Snake:2)
  5 liches
  A thorn hunter (Swamp:2)
  3 tentacled starspawn (Abyss:3)
  Kirke (Lair:5)
  A tengu reaver (Depths:3)
  13 nagarajas
  2 fire giants (Depths:2)
  A balrug (Depths:1)
  3 frost giants
  The ghost of jasper the Severer, a journeyman PaBe of Trog (D:14)
  3 vault wardens (Vaults:1)
  Louise (Snake:2)
  Aizul (Snake:1)
  3 ironheart preservers (Vaults:1)
  3 spriggan defenders
  4 stone giants
  8 very ugly things
  A reaper (Depths:3)
  A caustic shrike skeleton (Depths:3)
  3 vampire knights
  A green draconian (Abyss:3)
  4 bunyips
  A dire elephant (Lair:6)
  4 entropy weavers
  The ghost of Faydwarf the Protected, a journeyman MiBe of Trog (Lair:3)
  A blizzard demon (Abyss:3)
  5 ettins
  A quicksilver dragon zombie (Abyss:3)
  6 fire dragons
  4 eleionomae
  4 yaktaur captains
  2 jiangshi (Depths:2)
  A shambling mangrove (Swamp:4)
  2 great orbs of eyes
  4 rakshasas
  8 ice dragons
  15 naga warriors
  A ghost crab (Swamp:3)
  A catoblepas (Lair:6)
  5 boulder beetles
  A vault guard (Vaults:1)
  30 hydras
  19 anacondas
  A death knight (Vaults:2)
  31 two-headed ogres
  9 centaur warriors
  3 death yaks (Lair:6)
  8 tengu warriors
  8 deep troll shamans
  9 alligators
  3 deep troll earth magi
  8 ogre magi
  2 orc high priests (Orc:2)
  3 dancing weapons
  8 shock serpents
  A spriggan berserker (Swamp:4)
  3 vampire magi
  11 thrashing horrors (Abyss:3)
  8 wretched stars
  11 naga sharpshooters
  A deep elf knight (Vaults:2)
  4 skeletal warriors
  A sun demon (Depths:3)
  4 salamander mystics (Snake:4)
  3 hell knights (Vaults:2)
  An iron troll (Depths:2)
  19 swamp dragons
  2 flayed ghosts (Depths:2)
  15 deep trolls
  2 fire crabs (shapeshifter)
  2 unseen horrors (D:11)
  A golden dragon zombie (Depths:3)
  A goliath frog (Swamp:3)
  8 spriggan druids
  4 glowing orange brains
  A stone giant zombie (D:15)
  17 bog bodies
  9 naga ritualists
  4 phantasmal warriors
  13 orc knights
  A wizard (Vaults:2)
  5 ironbrand convokers
  2 lindwurms (Depths:1)
  A deep elf archer (Vaults:2)
  A wolf spider zombie (D:15)
  Pikel (D:7)
  6 necromancers
  A deep elf mage (D:14)
  5 orc sorcerers
  12 mana vipers
  24 ugly things
  6 cyclopes
  An orb spider (shapeshifter) (Vaults:2)
  A fire giant zombie (Vaults:2)
  2 manticores
  3 will-o-the-wisps
  4 wolf spiders
  A worldbinder (Abyss:3)
  8 salamanders
  26 elephants
  35 black mambas
  A black mamba (shapeshifter) (Vaults:2)
  A water nymph (shapeshifter) (Depths:1)
  13 vault sentinels
  A stone giant skeleton (D:15)
  Joseph (D:10)
  A rust devil (Depths:1)
  3 smoke demons (Abyss:3)
  16 guardian serpents
  12 cane toads
  21 naga magi
  2 gargoyles
  An orange demon (Depths:1)
  A shock serpent skeleton (Abyss:3)
  A cane toad (shapeshifter) (Depths:2)
  3 centaur skeletons
  A hellion (Abyss:3)
  A hellwing (Abyss:3)
  3 rime drakes
  An ice devil (Depths:3)
  26 yaktaurs
  A human skeleton (Vaults:1)
  6 komodo dragons
  A golden dragon simulacrum (Depths:3)
  5 freezing wraiths
  4 trolls
  4 meliai (Abyss:3)
  A tengu conjurer (D:15)
  3 polar bears
  An ancient zyme (Abyss:3)
  14 hornets
  A troll (shapeshifter) (Depths:2)
  6 tyrant leeches
  A queen bee (Abyss:3)
  A blink frog (shapeshifter) (Abyss:3)
  A meliai (shapeshifter) (Depths:3)
  15 blink frogs
  6 raiju (Abyss:3)
  A fire giant simulacrum (Depths:3)
  29 slime creatures
  9 redbacks
  2 vampires
  5 shadows
  A tarantella (shapeshifter) (Depths:1)
  2 tarantellas
  16 spriggans
  3 water elementals
  9 wraiths
  70 yaks
  2 ettin skeletons (Vaults:2)
  A flying skull (Abyss:3)
  2 ynoxinuls
  6 wyverns
  4 basilisks
  2 chaos spawn
  12 vampire mosquitoes
  4 neqoxecs
  Menkaure (D:4)
  14 swamp worms
  68 nagas
  12 large abominations (Abyss:3)
  7 wargs
  2 two-headed ogre zombies (D:11)
  A soldier ant (shapeshifter) (D:13)
  13 water moccasins
  13 swamp drakes
  5 phantoms
  A hornet zombie (D:12)
  A necrophage (D:5)
  26 orc warriors
  An ogre skeleton (Vaults:1)
  20 ogres
  2 ice beasts
  An ettin simulacrum (Vaults:2)
  5 black bears
  2 eyes of draining
  5 small abominations (Abyss:3)
  66 wolves
  6 sky beasts
  13 boggarts
  19 centaurs
  4 lemures (D:7)
  A big kobold (D:13)
  17 bullfrogs
  2 gnoll sergeants
  A water moccasin zombie (D:12)
  2 scorpions (D:6)
  9 killer bees
  12 wights
  2 howler monkeys
  4 electric eels
  A bullfrog zombie (D:11)
  19 starcursed masses (Abyss:3)
  A quasit (D:7)
  8 hounds
  7 jellies
  3 human zombies
  19 orc priests
  A gnoll shaman (D:6)
  3 bullfrog skeletons
  3 iguanas
  21 orc wizards
  6 worker ants
  A killer bee zombie (D:6)
  6 ogre zombies (D:11)
  A hound zombie (D:6)
  2 hound skeletons
  A mummy (D:8)
  18 gnolls
  18 adders
  2 shadow imps
  2 ufetubi
  3 adder skeletons
  2 dart slugs
  11 leopard geckos
  74 orcs
  8 ball pythons
  5 giant cockroaches
  6 goblins
  7 hobgoblins
  3 jackals (D:5)
  18 kobolds
  A quokka (D:7)
  A ball python zombie (D:6)
  6 bats
  9 frilled lizards
  A goblin skeleton (D:11)
  A goblin zombie (D:11)
  3 hobgoblin skeletons (D:11)
  A hobgoblin zombie (D:11)
  A leopard gecko skeleton (D:5)
  4 orc skeletons
  18 orc zombies
  A quokka skeleton (D:4)
  6 rats
  2 starspawn tentacles (Abyss:3)
1623 creatures vanquished.

Vanquished Creatures (collateral kills)
  Sojobo (Depths:3)
  2 caustic shrikes (Depths:3)
  Nikola (Snake:4)
  A tengu reaver (Depths:3)
  Roxanne (Swamp:4)
  A nagaraja (Snake:4)
  A fire giant (Depths:3)
  An orc warlord (Orc:2)
  A spriggan defender (Depths:3)
  2 very ugly things (Abyss:3)
  A spriggan air mage (Depths:3)
  An anaconda (Snake:1)
  2 naga warriors (Snake:1)
  3 death knights
  An orc high priest (Orc:2)
  Urug (D:12)
  A naga sharpshooter (Snake:1)
  4 spriggan berserkers
  2 slime creatures (Vaults:1)
  A spark wasp zombie (Depths:3)
  A golden dragon zombie (Depths:3)
  3 skeletal warriors (D:11)
  A bog body (Lair:2)
  A phantasmal warrior (Depths:3)
  A necromancer (Depths:3)
  An ugly thing (Abyss:3)
  A salamander (Snake:1)
  A fire giant zombie (Depths:3)
  3 orc sorcerers (Orc:2)
  A frost giant zombie (Depths:3)
  A salamander (shapeshifter) (Vaults:1)
  4 black mambas
  A worldbinder (Abyss:3)
  2 naga magi (Snake:1)
  A centaur skeleton (D:14)
  A smoke demon (Abyss:3)
  A dire elephant skeleton (Abyss:3)
  4 yaktaurs (Depths:3)
  A komodo dragon (Lair:2)
  A guardian mummy (D:15)
  2 spriggan zombies (D:15)
  A meliai (Abyss:3)
  4 hornets
  A slime creature (shapeshifter) (Depths:3)
  A jumping spider (shapeshifter) (D:14)
  2 wraiths (D:8)
  2 spriggans (Depths:1)
  2 neqoxecs (Abyss:3)
  A vampire (D:11)
  6 yaks
  5 hogs (Lair:5)
  A basilisk (shapeshifter) (D:14)
  A warg (Orc:2)
  A large abomination (Abyss:3)
  6 nagas
  3 water moccasins (Snake:1)
  13 orc warriors
  An ogre (Orc:2)
  A bullfrog (D:14)
  2 wights (D:8)
  2 human zombies (D:8)
  5 orc priests
  5 orc wizards
  A worker ant (D:14)
  A mummy (D:8)
  A gnoll (D:10)
  25 orcs
  3 ball pythons (Snake:1)
159 creatures vanquished.

Vanquished Creatures (others)
  A spriggan berserker (Swamp:4)
  A goliath frog (Swamp:3)
  A spriggan druid (Swamp:1)
  An orc knight (Vaults:2)
  A bloated husk (Swamp:1)
  A swamp drake (Swamp:4)
  An ogre (Depths:3)
  A bullfrog (Lair:2)
  12 foxfires
  20 fungi
  2 lurking horrors (Abyss:3)
  40 plants
  2 starspawn tentacles (Abyss:3)
  3 withered plants (D:15)
87 creatures vanquished.

Grand Total: 1869 creatures vanquished

Notes
Turn   | Place    | Note
-------+----------+-------------------------------------------
     0 | D:1      | knot the Demonspawn Berserker began the quest for the Orb.
     0 | D:1      | Reached XP level 1. HP: 18/18 MP: 1/1
   276 | D:1      | Reached skill level 3 in Axes
   453 | D:1      | Gained mutation: When hurt, damage is shared between your
                  | health and your magic reserves. [demonic ancestry]
   453 | D:1      | Reached XP level 2. HP: 24/24 MP: 2/2
   934 | D:1      | Gained mutation: Your movements are slightly less
                  | encumbered by armour. (ER -2) [demonic ancestry]
   934 | D:1      | Reached XP level 3. HP: 29/29 MP: 1/3
  1031 | D:1      | Reached ** piety under Trog
  1032 | D:1      | Reached skill level 4 in Axes
  1329 | D:1      | Found a basalt altar of Yredelemnul.
  1705 | D:2      | Reached XP level 4. HP: 35/35 MP: 4/4
  2439 | D:3      | Reached skill level 5 in Axes
  3175 | D:3      | Reached XP level 5. HP: 41/41 MP: 5/5
  3922 | D:4      | Reached *** piety under Trog
  3943 | D:4      | Noticed Menkaure
  3949 | D:4      | Killed Menkaure
  3950 | D:4      | Reached skill level 6 in Axes
  3950 | D:4      | Reached XP level 6. HP: 47/47 MP: 6/6
  4275 | D:4      | Found a staircase to the Ecumenical Temple.
  4733 | D:4      | Reached skill level 7 in Axes
  4811 | D:4      | Found Nericemi's Book Emporium.
  4861 | D:4      | Gained mutation: Your movements are less encumbered by
                  | armour. (ER -4) [demonic ancestry]
  4861 | D:4      | Reached XP level 7. HP: 52/52 MP: 7/7
  5247 | D:5      | Entered Level 5 of the Dungeon
  5557 | D:5      | Reached skill level 8 in Axes
  6309 | D:6      | Got a faintly glowing rapier
  6310 | D:6      | Identified the +3 rapier "Juot" {flame, rC+ Dex+4} (You
                  | found it on level 6 of the Dungeon)
  6388 | D:6      | Reached skill level 9 in Axes
  6388 | D:6      | Gained mutation: You regenerate a little health from kills.
                  | [demonic ancestry]
  6388 | D:6      | Reached XP level 8. HP: 58/58 MP: 8/8
  6965 | D:6      | Reached skill level 10 in Axes
  7078 | D:6      | Reached **** piety under Trog
  7930 | D:7      | Found a blossoming altar of Fedhas.
  8012 | D:7      | Found a broken altar of Ashenzari.
  8223 | D:7      | Noticed Pikel
  8239 | D:7      | Killed Pikel
  8240 | D:7      | Reached skill level 11 in Axes
  8240 | D:7      | Reached XP level 9. HP: 63/63 MP: 9/9
  8358 | D:7      | Found a runed translucent door.
  8946 | D:7      | Reached skill level 12 in Axes
  9005 | D:7      | Found a roughly hewn altar of Beogh.
  9063 | D:8      | Found an opulent altar of Gozag.
  9111 | D:8      | Reached skill level 1 in Throwing
  9427 | D:8      | Found an ancient bone altar of Kikubaaqudgha.
  9611 | D:8      | Gained mutation: Your movements are significantly less
                  | encumbered by armour. (ER -6) [demonic ancestry]
  9611 | D:8      | Reached XP level 10. HP: 70/70 MP: 10/10
  9773 | D:8      | Noticed a two-headed ogre
  9822 | D:8      | Killed a two-headed ogre
 10006 | D:8      | Reached skill level 5 in Throwing
 10484 | D:9      | Reached skill level 13 in Axes
 10769 | D:9      | Found a staircase to the Lair.
 11045 | D:9      | Noticed a deep troll earth mage
 11073 | D:9      | Killed a deep troll earth mage
 11656 | D:9      | Identified the Collected Works on Shifting Snow
 11790 | D:10     | Entered Level 10 of the Dungeon
 11810 | D:10     | Noticed a two-headed ogre
 11825 | D:10     | Killed a two-headed ogre
 11910 | D:10     | Reached XP level 11. HP: 74/75 MP: 11/11
 12030 | D:10     | Noticed Joseph
 12040 | D:10     | Killed Joseph
 12040 | D:10     | Reached ***** piety under Trog
 12316 | D:10     | Found Adief's Assorted Antiques.
 12325 | D:10     | Bought a scroll labelled RIORAU ZUBLA for 27 gold pieces
 12325 | D:10     | Bought a knobbly onyx ring for 135 gold pieces
 13055 | D:11     | Killed an unseen horror
 13056 | D:11     | Reached skill level 14 in Axes
 13566 | D:11     | Found a staircase to the Orcish Mines.
 13882 | D:11     | Killed an unseen horror
 14556 | D:11     | Noticed a skeletal warrior
 14556 | D:11     | Noticed a skeletal warrior
 14560 | D:11     | Noticed a skeletal warrior
 14560 | D:11     | Noticed a skeletal warrior
 14561 | D:11     | Noticed a skeletal warrior
 14562 | D:11     | Killed a skeletal warrior
 14564 | D:11     | Killed a skeletal warrior
 14575 | D:11     | Killed a skeletal warrior
 14576 | D:11     | Killed a skeletal warrior
 14578 | D:11     | Killed a skeletal warrior
 15045 | Lair:1   | Entered Level 1 of the Lair of Beasts
 15825 | Lair:1   | Gained mutation: You regenerate magic rapidly. [demonic
                  | ancestry]
 15825 | Lair:1   | Reached XP level 12. HP: 76/81 MP: 10/12
 16243 | Lair:1   | Received a gift from Trog
 16493 | Lair:2   | Noticed a five-headed hydra
 16516 | Lair:2   | Killed a four-headed hydra
 16517 | Lair:2   | Reached skill level 15 in Axes
 16517 | Lair:2   | Reached skill level 10 in Throwing
 16626 | Lair:2   | Noticed a six-headed hydra
 16643 | Lair:2   | Killed a two-headed hydra
 17309 | Lair:2   | Found a staircase to the Snake Pit.
 17535 | Lair:2   | Found a staircase to the Swamp.
 18187 | Lair:3   | Noticed a six-headed hydra
 18199 | Lair:3   | Killed a four-headed hydra
 18472 | Lair:3   | Got a steaming great sword
 18554 | Lair:3   | Reached XP level 13. HP: 86/86 MP: 9/13
 18558 | Lair:3   | Reached skill level 16 in Axes
 18744 | Lair:3   | Found a runed translucent door.
 18745 | Lair:3   | Found a shimmering altar of Xom.
 18745 | Lair:3   | Noticed Faydwarf's ghost (journeyman MiBe)
 19059 | Lair:3   | Killed Faydwarf's ghost
 20796 | Lair:5   | Noticed Kirke
 20813 | Lair:5   | Killed Kirke
 21025 | Lair:5   | Identified the +8 great sword of Yredelemnul's Esteem
                  | {elec, rF+ Str-3 Dex+2 Stlth+} (You found it on level 3 of
                  | the Lair of Beasts)
 21087 | Lair:5   | Found a staircase to the Slime Pits.
 21156 | Lair:5   | Received a gift from Trog
 22098 | Orc:1    | Entered Level 1 of the Orcish Mines
 22116 | Orc:1    | Found a burning altar of Makhleb.
 22138 | Orc:1    | Paralysed by an orc sorcerer for 5 turns
 22467 | Orc:2    | Entered Level 2 of the Orcish Mines
 22641 | Orc:2    | Noticed an orc warlord
 22653 | Orc:2    | Killed an orc warlord
 22856 | Orc:2    | Reached skill level 17 in Axes
 23692 | Orc:2    | Gained mutation: You have sharp fingernails. [demonic
                  | ancestry]
 23692 | Orc:2    | Reached XP level 14. HP: 93/93 MP: 10/14
 23900 | Orc:2    | Found a staircase to the Elven Halls.
 23918 | Orc:2    | Found a bloodstained altar of Trog.
 24042 | Orc:2    | Found Gugoakec's Magic Scroll Shop.
 24042 | Orc:2    | Found Olutz's Gadget Emporium.
 24046 | Orc:2    | Found Qiqom's Magic Scroll Shop.
 24046 | Orc:2    | Found Xuoqaetz's Magic Scroll Emporium.
 24063 | Orc:2    | Bought a scroll of acquirement for 676 gold pieces
 24063 | Orc:2    | Acquired the +8 orange crystal plate armour {Archmagi,
                  | Int+3 Clar}
 24064 | Orc:2    | Found the +8 orange crystal plate armour {Archmagi, Int+3
                  | Clar}
 24910 | D:12     | Noticed Urug
 24924 | D:12     | Killed Urug
 25105 | D:12     | You fall into a shaft and drop 3 floors!
 25105 | D:15     | Entered Level 15 of the Dungeon
 25105 | D:15     | Found the +0 pair of fencer's gloves {Riposte Dex+3}
 25156 | D:15     | Found a staircase to the Depths.
 25828 | D:13     | Got a smoking robe
 25836 | D:13     | Found a gate to the Vaults.
 26127 | D:13     | Identified the +0 robe of Words of Power {-Tele Int+4} (You
                  | found it on level 13 of the Dungeon)
 26750 | D:14     | Found a shadowy altar of Dithmenos.
 26772 | D:14     | Found a runed translucent door.
 26775 | D:14     | Identified the +5 trident "Fiddanesk" {freeze, Str+7}
 26776 | D:14     | Noticed jasper's ghost (journeyman PaBe)
 27587 | D:14     | You fall into a shaft and drop 1 floor!
 27698 | D:14     | Killed jasper's ghost
 27699 | D:14     | Reached skill level 5 in Fighting
 28012 | Lair:6   | Entered Level 6 of the Lair of Beasts
 28027 | Lair:6   | Reached skill level 18 in Axes
 28027 | Lair:6   | Reached XP level 15. HP: 91/103 MP: 15/15
 28506 | Lair:6   | Reached skill level 5 in Armour
 28511 | Lair:6   | Reached skill level 5 in Dodging
 28905 | Lair:6   | Identified the +4 plate armour "Neniebipn" {rElec Regen+
                  | Slay+2 Stlth-} (You found it on level 6 of the Lair of
                  | Beasts)
 29097 | Lair:6   | Received a gift from Trog
 30948 | Snake:1  | Entered Level 1 of the Snake Pit
 31266 | Snake:1  | Noticed Aizul
 31283 | Snake:1  | Killed Aizul
 31664 | Snake:1  | Gained mutation: When low on magic, you restore magic in
                  | place of health. [demonic ancestry]
 31664 | Snake:1  | Reached XP level 16. HP: 106/116 MP: 14/16
 31676 | Snake:1  | Received a gift from Trog
 33058 | Snake:1  | Found Eqaeroov's Weapon Emporium.
 33154 | Snake:1  | Found a runed translucent gate.
 33154 | Snake:1  | Found a runed translucent gate.
 33154 | Snake:1  | Found a runed translucent gate.
 33419 | Snake:2  | Found Igur's Jewellery Emporium.
 33445 | Snake:2  | Noticed Louise
 33495 | Snake:2  | Cast into level 3 of the Abyss (Louise)
 33696 | Abyss:3  | Gained mutation: You are frail. (-10% HP) [a neqoxec]
 33722 | Abyss:3  | Noticed a tentacled starspawn
 33728 | Abyss:3  | Killed a tentacled starspawn
 33830 | Abyss:3  | Noticed a tentacled starspawn
 33837 | Abyss:3  | Killed a tentacled starspawn
 33985 | Abyss:3  | Found a corrupted altar of Lugonu.
 34099 | Abyss:3  | Found a corrupted altar of Lugonu.
 34117 | Abyss:3  | Noticed a tentacled starspawn
 34122 | Abyss:3  | Killed a tentacled starspawn
 34175 | Snake:2  | Escaped the Abyss
 34525 | Snake:2  | Killed Louise
 34679 | Snake:2  | Noticed Saint Roka
 35193 | Snake:2  | Noticed Asterion
 35211 | Snake:2  | Killed Asterion
 35331 | Snake:2  | Killed Saint Roka
 35856 | Snake:3  | Reached skill level 19 in Axes
 36542 | Snake:3  | Reached XP level 17. HP: 114/114 MP: 17/17
 36555 | Snake:3  | Reached skill level 10 in Fighting
 38308 | Swamp:1  | Entered Level 1 of the Swamp
 38486 | Swamp:1  | Found a basalt altar of Yredelemnul.
 38491 | Swamp:1  | Reached skill level 20 in Axes
 39076 | Swamp:1  | Reached ****** piety under Trog
 39711 | Swamp:2  | Reached skill level 21 in Axes
 40228 | Swamp:2  | Acquired a manual of Throwing
 41217 | Swamp:4  | Entered Level 4 of the Swamp
 41875 | Swamp:4  | Gained mutation: You regenerate health from kills. [demonic
                  | ancestry]
 41875 | Swamp:4  | Reached XP level 18. HP: 90/122 MP: 16/18
 42079 | Swamp:4  | Reached skill level 15 in Throwing
 42087 | Swamp:4  | Received a gift from Trog
 42164 | Swamp:4  | Identified Roxanne's Incunabulum of Transformation
 42164 | Swamp:4  | Noticed Roxanne
 42681 | Swamp:4  | Got a decaying rune of Zot
 42952 | Swamp:4  | Killed Roxanne
 42952 | Swamp:4  | Received a gift from Trog
 43311 | Snake:4  | Entered Level 4 of the Snake Pit
 43501 | Snake:4  | Reached skill level 10 in Dodging
 43555 | Snake:4  | Reached skill level 10 in Armour
 43601 | Snake:4  | Noticed Nikola
 43620 | Snake:4  | Killed Nikola
 44199 | Snake:4  | Received a gift from Trog
 44592 | Snake:4  | Received a gift from Trog
 44593 | Snake:4  | Reached skill level 22 in Axes
 45441 | Snake:4  | Gained mutation: You regenerate a lot of health from kills.
                  | [demonic ancestry]
 45441 | Snake:4  | Reached XP level 19. HP: 128/128 MP: 19/19
 46246 | Snake:4  | Received a gift from Trog
 46291 | Snake:4  | Got a serpentine rune of Zot
 46571 | Vaults:1 | Entered Level 1 of the Vaults
 47442 | Vaults:1 | Received a gift from Trog
 48367 | Vaults:2 | Noticed Margery
 48389 | Vaults:2 | Killed Margery
 48396 | Vaults:2 | Received a gift from Trog
 48536 | Vaults:2 | Gained mutation: You have very sharp fingernails. [demonic
                  | ancestry]
 48536 | Vaults:2 | Reached XP level 20. HP: 126/136 MP: 17/20
 48607 | Vaults:2 | Received a gift from Trog
 48735 | Vaults:2 | Found a portal to a secret trove of treasure.
 49862 | Vaults:2 | Found a staircase to the Crypt.
 50097 | Depths:1 | Entered Level 1 of the Depths
 50422 | Depths:1 | Found a one-way gate leading to the halls of Pandemonium.
 50428 | Depths:1 | Gained mutation: Scrolls take you a little longer to read.
                  | [a neqoxec]
 50437 | Depths:1 | Lost mutation: Scrolls take you a little longer to read.
                  | [potion of mutation]
 50437 | Depths:1 | Lost mutation: You are frail. (-10% HP) [potion of
                  | mutation]
 50437 | Depths:1 | Gained mutation: You occasionally shout uncontrollably at
                  | your foes. [potion of mutation]
 50437 | Depths:1 | Gained mutation: You sometimes yell uncontrollably at your
                  | foes. [potion of mutation]
 50437 | Depths:1 | Gained mutation: You are robust. (+10% HP) [potion of
                  | mutation]
 50438 | Depths:1 | Lost mutation: You sometimes yell uncontrollably at your
                  | foes. [potion of mutation]
 50438 | Depths:1 | Lost mutation: You are robust. (+10% HP) [potion of
                  | mutation]
 50438 | Depths:1 | Gained mutation: You have very sharp teeth. [potion of
                  | mutation]
 50438 | Depths:1 | Gained mutation: You sometimes yell uncontrollably at your
                  | foes. [potion of mutation]
 50438 | Depths:1 | Gained mutation: Your system is resistant to poisons.
                  | (rPois) [potion of mutation]
 50564 | Depths:1 | Received a gift from Trog
 50682 | Depths:1 | Found a gateway to Hell.
 51038 | Depths:1 | Identified the cursed +2 falchion "Newtbane" {vamp, rC- rN+
                  | Str+4}
 51184 | Depths:1 | Identified the +2 robe of the Game Afoot {rElec rC- rCorr
                  | Dex+3}
 51808 | Depths:2 | Received a gift from Trog
 52153 | Depths:2 | Found a one-way gate to the infinite horrors of the Abyss.
 52647 | Depths:2 | Reached XP level 21. HP: 152/160 MP: 21/21
 52705 | Depths:2 | Received a gift from Trog
 53361 | Depths:3 | Reached skill level 23 in Axes
 53687 | Depths:3 | Noticed a caustic shrike
 53687 | Depths:3 | Noticed a caustic shrike
 53688 | Depths:3 | Noticed a caustic shrike
 53697 | Depths:3 | Killed a caustic shrike
 53703 | Depths:3 | Killed a caustic shrike
 53715 | Depths:3 | Killed a caustic shrike
 53794 | Depths:3 | Received a gift from Trog
 54140 | Depths:3 | Noticed Sojobo
 54172 | Depths:3 | Killed Sojobo
 54490 | Depths:3 | Cast into level 3 of the Abyss (a deep elf sorcerer)
 54675 | Abyss:3  | Paralysed by accursed screaming for 2 turns
 54691 | Abyss:3  | Received a gift from Trog
 54909 | Abyss:3  | Paralysed by accursed screaming for 1 turns
 54970 | Abyss:3  | Gained mutation: Your flesh is cold resistant. (rC+)
                  | [demonic ancestry]
 54970 | Abyss:3  | Reached XP level 22. HP: 167/169 MP: 22/22
 54970 | Abyss:3  | Quit the game

Illustrated notes

Levels and vault maps discovered:
D:1:      dpeg_arrival_water_altar, layout_basic, serial_bayou_pond_b
D:2:      layout_loops_ring
D:3:      layout_basic, minmay_goblin_kobold_house
D:4:      layout_loops_corners, minmay_temple_entry_arrows, serial_shops, shop,
          uniq_menkaure
D:5:      layout_rooms
D:6:      layout_gridville
D:7:      layout_layer_cave, fedhas_altar_3, ashenzari_conservatory_becter,
          lightli_church_of_beogh, uniq_pikel
D:8:      layout_basic, basic_altar, lemuel_mausoleum_altar_kikubaaqudgha
D:9:      layout_loops_corners, lair_entry_dummy, kennysheep_island_fort
D:10:     layout_grid_maze, serial_shops, nicolae_shop_overgrown_old_shop,
          uniq_joseph
D:11:     layout_stronghold, zombieorc2_lemuel
D:12:     layout_big_octagon, minmay_holes, hangedman_little_slice_of_home,
          uniq_urug
D:13:     layout_irregular_city, erik_vaults_1
D:14:     layout_cave_pools, ebering_ghost_funeral_grove,
          grunt_dithmenos_shadows
D:15:     gammafunk_depths_entry_grave, layout_cave_pools, serial_bayou_shore_a,
          chequers_serial_rivers_large_a, minmay_bent
Lair:1:   layout_long_grid
Lair:2:   layout_regular_city, nicolae_swamp_entry_splash_gauntlet,
          guppyfry_snake_entry_island, lemuel_old_faithful
Lair:3:   layout_roguey, ebering_ghost_xom, grunt_forest_large_clearings,
          infiniplex_staircase_pool_2
Lair:4:   layout_cellular_growth, serial_bayou, serial_bayou_pond_c,
          serial_bayou_pond_e, serial_bayou_pond_b, serial_bayou_ford_a
Lair:5:   layout_long_grid, minmay_slime_entry_pillars, uniq_kirke
Lair:6:   grunt_lair_end_beastmaster, layout_big_grid, minivault_19,
          minivault_25, nzn_sisyphean_effort, grunt_megastairs_1
Swamp:1:  layout_falls_marsh, evilmike_swamp_ruin_house_1, swamp_pool3,
          grunt_ruined_hall
Swamp:2:  layout_basic_swamp, evilmike_swamp_ruin_house_6
Swamp:3:  layout_basic_swamp, serial_swamp_ruin, evilmike_swamp_ruin_rubble_1,
          evilmike_swamp_ruin_rubble_2
Swamp:4:  swamp_basic_johnstein, layout_basic_swamp, uniq_roxanne
Snake:1:  nicolae_snake_hallway, layout_rooms, serial_shops,
          nicolae_shop_behind_doors, grunt_ministairs_15,
          nicolae_snake_horde_hoard, uniq_aizul
Snake:2:  layout_cave_pods, serial_shops, nicolae_shop_trees, lemuel_fruit_tree,
          uniq_louise, uniq_asterion, uniq_saint_roka
Snake:3:  layout_basic, serial_bayou_pond_e, grunt_ministairs_15
Snake:4:  grunt_snake_rune_serpentine_throne, layout_layer_cave,
          grunt_ministairs_12, uniq_nikola
Orc:1:    layout_caves, basic_altar
Orc:2:    grunt_orc_tribal_feast, layout_diamond_mine, bloody_trog
Vaults:1: vaults_dpeg_doors, v_misc_15, ontoclasm_vaults_bender, v_misc_32,
          vaults_room_hangedman_quadrants, v_rooms_1, vaults_room_pools,
          v_misc_8, ontoclasm_vaults_fault, vaults_room_semicircle,
          hangedman_vaults_impose, hangedman_vaults_slice,
          nicolae_vaults_little_squares_5, nicolae_vaults_rhombus_6,
          grunt_vaults_funnel, layout_vaults_big_cross
Vaults:2: hangedman_vaults_hard_town_square, vaults_dpeg_encased_lava,
          v_misc_18, nicolae_vaults_ring_of_whatevers,
          ontoclasm_vaults_ligature, blue_anna_dwarven_crypt,
          nicolae_vaults_three_branches, vaults_standard_mumra_lines,
          ontoclasm_vaults_shuriken, v_rooms_2, v_rooms_4,
          nicolae_vaults_network_s, nicolae_vaults_diagonal_hallway_7, v_misc_8,
          nicolae_vaults_circle_grid_a, layout_vaults_omnibox,
          nicolae_trove_entry_diagonal, uniq_margery
Depths:1: layout_long_grid, rand_demon_pan_entry_1, hell_entry,
          chequers_serial_rivers_small_b, grunt_ministairs_7, st_stairs_14,
          minmay_serpent_palace
Depths:2: minmay_the_grid_square_5x5_3x3
          [minmay_the_grid_square_5x5_checkered_sparse,
          minmay_the_grid_square_5x5_n_small,
          minmay_the_grid_square_5x5_tetrominoes,
          minmay_the_grid_square_5x5_six,
          minmay_the_grid_square_5x5_megaprize_hollow,
          minmay_the_grid_square_5x5_spiral, minmay_the_grid_square_5x5_fat_x,
          minmay_the_grid_square_5x5_shuriken,
          minmay_the_grid_square_5x5_misaligned], layout_basic, hell_entry,
          serial_bayou_pond_d, abyss_entry
Depths:3: kennysheep_water_balloons, layout_gridlike, roderic_roman_lattice,
          rand_demon_pan_entry_3, pf_coc_iceberg, minmay_misc_feat_doors,
          uniq_sojobo
Abyss:3:  base: D:4, nicolae_abyss_rune_left_handed, kilobyte_mutagenic_chamber,
          base: Snake:1, hangedman_eye_storm, nicolae_abyss_rune_star_stuff,
          evilmike_abyss_exit_10, hangedman_abyss_feature_spike, minivault_24,
          gammafunk_abyss_rune_reverse_zot, minivault_24,
          bh_abyss_xom_lugonu_altar, minivault_24,
          grunt_abyss_rune_wretched_hive

Skill      XL: |  1  2  3  4  5  6  7  8  9 10 11 12 13 14 15 16 17 18 19 20 21 |
---------------+----------------------------------------------------------------+-----
Axes           | 3 4 5 6 7 9 11 12 13 14 15 17 18 19 21 22 23 | 23.3
Throwing       | 3 7 9 11 13 14 16 17 18 19 | 19.6
Armour         | 4 6 8 9 10 11 13 | 13.9
Dodging        | 4 6 8 9 10 11 12 13 | 13.9
Fighting       | 5 7 9 10 11 12 13 | 13.0

Action                   |  1- 3 |  4- 6 |  7- 9 | 10-12 | 13-15 | 16-18 | 19-21 | 22-24 || total
-------------------------+-------+-------+-------+-------+-------+-------+-------+-------++-------
Melee: Hand axe          |    76 |   123 |       |       |       |       |       |       ||   199
       War axe           |       |    44 |   349 |    62 |       |       |       |       ||   455
       Rapier            |       |       |    12 |       |       |       |       |       ||    12
       Battleaxe         |       |       |       |   470 |  1112 |  1075 |  1490 |       ||  4147
       Bite              |       |       |       |       |       |       |   116 |       ||   116
Throw: Boomerang         |       |       |    18 |    86 |    26 |   225 |    70 |       ||   425
       Dart              |       |       |       |    34 |   160 |     2 |       |       ||   196
       Javelin           |       |       |       |     5 |     9 |    25 |    43 |       ||    82
       Throwing net      |       |       |       |       |       |     4 |       |       ||     4
Invok: Berserk           |     2 |     6 |    12 |     7 |    17 |    17 |     3 |       ||    64
       Trog's Hand       |       |     2 |     2 |       |     4 |     4 |       |       ||    12
       Brothers in Arms  |       |       |     5 |     7 |    21 |    16 |    16 |       ||    65
Evoke: Wand              |       |     2 |    11 |    14 |       |     1 |       |       ||    28
       Phial of floods   |       |       |       |       |       |     1 |       |       ||     1
       Phantom mirror    |       |       |       |       |       |     1 |       |       ||     1
       Tin of tremorston |       |       |       |       |       |     1 |       |       ||     1
  Use: Scroll            |       |       |    17 |    16 |     9 |    17 |     1 |       ||    60
       Potion            |       |       |       |       |     5 |     8 |     3 |       ||    16
 Stab: Sleeping          |     1 |     5 |       |       |       |       |       |       ||     6
       Distracted        |       |       |       |       |     4 |     1 |     3 |       ||     8
       Petrified         |       |       |       |       |     5 |       |       |       ||     5
       Invisible         |       |       |       |       |     3 |       |       |       ||     3
       Petrifying        |       |       |       |       |     2 |       |       |       ||     2
       Held in net/web   |       |       |       |       |       |     3 |       |       ||     3
Armor: Animal skin       |    16 |    42 |       |       |       |       |       |       ||    58
       Scale mail        |       |     3 |   137 |   149 |   106 |       |       |       ||   395
       Leather armour    |       |       |     8 |    79 |       |       |       |       ||    87
       Crystal plate arm |       |       |       |       |   474 |   709 |   829 |       ||  2012
Dodge: Dodged            |    46 |   115 |   261 |   484 |   865 |   776 |  1171 |       ||  3718
       Rpst.: Battleaxe  |       |       |       |       |    96 |   152 |   212 |       ||   460

Table legend: (Time is in decaauts)
 A = Elapsed time spent in this place.
 B = Non-inter-level travel time spent in this place.
 C = Inter-level travel time spent in this place.
 D = Time resting spent in this place.
 E = Time spent auto-exploring this place.
 F = Levels seen in this place.
 G = Mean time per level.
                   A        B        C        D        E       F      G
               +--------+--------+--------+--------+--------+-----+--------+
         Total |  54795 |  51069 |   3726 |  14466 |  27261 |  38 | 1442.0 |
       Dungeon |  20991 |  19149 |   1842 |   5513 |  10495 |  15 | 1399.4 |
          Lair |   9048 |   8128 |    920 |   1536 |   5367 |   6 | 1508.0 |
         Swamp |   4859 |   4682 |    177 |   1594 |   2255 |   4 | 1214.8 |
     Snake Pit |   9255 |   8720 |    535 |   3203 |   4146 |   4 | 2313.8 |
  Orcish Mines |   2063 |   2000 |     63 |    793 |    725 |   2 | 1031.5 |
        Vaults |   3275 |   3156 |    119 |    639 |   1702 |   2 | 1637.5 |
        Depths |   4238 |   4170 |     68 |   1015 |   2091 |   3 | 1412.7 |
         Abyss |   1065 |   1065 |      0 |    169 |    477 |   2 |  532.5 |
               +--------+--------+--------+--------+--------+-----+--------+

Top non-repeatable levels by time:
    D:11: 2630 daAuts
 Snake:4: 2627 daAuts
 Snake:1: 2411 daAuts
 Snake:3: 2211 daAuts
Depths:1: 2130 daAuts
 Snake:2: 2005 daAuts
  Lair:2: 1983 daAuts
 Swamp:3: 1808 daAuts
     D:6: 1792 daAuts
Vaults:2: 1756 daAuts
     D:9: 1667 daAuts
  Lair:1: 1637 daAuts
  Lair:4: 1627 daAuts
Vaults:1: 1518 daAuts
    D:13: 1516 daAuts
